 Seeded DCSS version 0.28.0-62-gf88900778d (webtiles) character file.

Game seed: 13591998346360536447 (custom seed)

157 Psyclone the Conjurer (level 5, 0/28 HPs)
             Began as a Deep Elf Conjurer on Oct 17, 2023.
             Slain by an ice beast (11 damage)
             ... on level 5 of the Dungeon.
             The game lasted 00:02:19 (1259 turns).

Psyclone the Conjurer (Deep Elf Conjurer)           Turns: 1259, Time: 00:02:20

Health: 0/28       AC:  2    Str:  4    XL:     5   Next: 15%
Magic:  4/11       EV: 12    Int: 25    God:
Gold:   90         SH:  0    Dex: 13    Spells: 7/10 levels left

rFire   . . .      SeeInvis .   b - +0 dagger
rCold   . . .      Faith    .   (no shield)
rNeg    . . .      Spirit   .   a - +0 robe
rPois   .          Reflect  .   (no helmet)
rElec   .          Harm     .   (no cloak)
rCorr   .          Rampage  .   (no gloves)
Will    .....                   (no boots)
Stlth   ++........              (no amulet)
HPRegen 0.09/turn               (no ring)
MPRegen 0.12/turn               (no ring)

@: no status effects
A: no striking features
a: no special abilities


You were on level 5 of the Dungeon.
You visited 1 branch of the dungeon, and saw 5 of its levels.

You collected 90 gold pieces.

Inventory:

Hand Weapons
 b - a +0 dagger (weapon)
Armour
 a - a +0 robe (worn)
Wands
 h - a wand of mindburst (17)
Scrolls
 c - 4 scrolls of acquirement
 d - 4 scrolls of identify {@r1}
 f - a scroll of amnesia {unknown}
Potions
 e - 2 potions of haste {unknown}
 g - a potion of mutation {unknown}


   Skills:
 - Level 2.4 Dodging
 - Level 2.4 Stealth
 - Level 3.0 Spellcasting
 + Level 7.1 Conjurations


You had 7 spell levels left.
You knew the following spells:

 Your Spells              Type           Power      Damage    Failure   Level
a - Magic Dart            Conj           100%       1d8       1%          1
b - Searing Ray           Conj           78%        2d7       1%          2

Your spell library contained the following spells:

 Spells                   Type           Power      Damage    Failure   Level
 Static Discharge         Conj/Air       21%        N/A       3%          2
 Dazzling Flash           Conj/Hex       42%        N/A       7%          3
 Sublimation of Blood     Necr           3%         N/A       16%         2
 Wereblood                Tmut           3%         N/A       16%         2
 Fulminant Prism          Conj/Hex       10%        3d9       22%         4
 Iskenderun's Mystic Bla  Conj/Tloc      21%        2d6       22%         4
 Sticky Flame             Conj/Fire      21%        2d4       22%         4
 Ozocubu's Armour         Ice            3%         N/A       30%         3
 Dispel Undead            Necr           3%         3d7       69%         4
 Ozocubu's Refrigeration  Ice            1%         4d5       100%        7
 Summon Hydra             Summ           1%         N/A       100%        7


Dungeon Overview and Level Annotations

Branches:
Dungeon (5/15)
 Temple: D:4-7

Altars:
Hepliaklqana
Sif Muna
The Shining One


Message History

Confirm with . or Enter, or press ? or * to list all spells.
You can't see any susceptible monsters within range! (Use Z to cast anyway.)
An ice beast and a quokka come into view.
Found a lead wand.
You see here 20 gold pieces.
The quokka twitches its whiskers.
Casting: Magic Dart (safe; 1% risk of failure)
Confirm with . or Enter, or press ? or * to list all spells.
Aiming: Searing Ray (safe; 1% risk of failure)
Press: ? - help, Shift-Dir - straight line, f - quokka
Aim: a quokka (73% to hit)
The searing ray hits the quokka.
You kill the quokka!
The searing ray hits the ice beast.
The ice beast is lightly wounded. (Press . to maintain the ray.)
You now have 9/11 mp.
The searing ray hits the ice beast but does no damage.
The ice beast is lightly wounded.
The ice beast closely misses you.
You now have 8/11 mp.
The searing ray hits the ice beast.
The ice beast is moderately wounded.
The ice beast hits you. The ice beast freezes you!
You take 14 damage, and have 14/28 hp.
MASSIVE DAMAGE!!
You now have 7/11 mp.
The searing ray hits the ice beast.
The ice beast is heavily wounded.
You finish channelling your searing ray.
The ice beast closely misses you.
You now have 6/11 mp.
Casting: Searing Ray (safe; 1% risk of failure)
Confirm with . or Enter, or press ? or * to list all spells.
Aiming: Searing Ray (safe; 1% risk of failure)
Press: ? - help, Shift-Dir - straight line, f - ice beast
Aim: an ice beast (heavily wounded, 81% to hit)
The searing ray hits the ice beast.
The ice beast is heavily wounded. (Press . to maintain the ray.)
The ice beast hits you. The ice beast freezes you!
You die...

## .. ####.
.....################
###..#...@Y..........
#..........##$....##
#..###†###.##.....# #
#.# #.##........
#..###'###.##........
#....'_###.##........
##.###'###.##/.......
#. #.# #.##.....###
+.###.###.##.....#


You could see an ice beast.

Vanquished Creatures
  2 bullfrog skeletons
  2 hound skeletons (D:4)
  3 gnolls (D:4)
  An adder (D:4)
  An adder skeleton (D:4)
  2 worms
  A dart slug (D:4)
  3 endoplasms
  3 hobgoblins (D:4)
  3 jackals (D:1)
  A kobold (D:1)
  2 quokkas (D:5)
  2 ball pythons
  3 rats
  A spectral hobgoblin (D:4)
30 creatures vanquished.

Notes
Turn   | Place    | Note
-------+----------+-------------------------------------------
     0 | D:1      | Psyclone the Deep Elf Conjurer began the quest for the Orb.
     0 | D:1      | Reached XP level 1. HP: 10/10 MP: 6/6
   178 | D:2      | Reached XP level 2. HP: 15/15 MP: 6/8
   181 | D:2      | Learned a level 2 spell: Searing Ray
   211 | D:2      | Reached skill level 5 in Conjurations
   273 | D:2      | Identified 3 scrolls of acquirement
   286 | D:3      | Found a glowing golden altar of the Shining One.
   344 | D:5      | Entered Level 5 of the Dungeon
   418 | D:4      | Reached XP level 3. HP: 12/19 MP: 1/9
   689 | D:4      | Reached skill level 6 in Conjurations
   882 | D:4      | Found a hazy altar of Hepliaklqana.
   966 | D:4      | Reached XP level 4. HP: 20/24 MP: 2/10
  1123 | D:5      | Reached skill level 7 in Conjurations
  1123 | D:5      | Reached XP level 5. HP: 20/28 MP: 5/11
  1209 | D:5      | Found a shimmering blue altar of Sif Muna.
  1249 | D:5      | Noticed an ice beast
  1259 | D:5      | Slain by an ice beast

Illustrated notes

Levels and vault maps discovered:
D:1:      wander_arrival_fairy_ring, layout_basic, chequers_serial_rivers_room_a
D:2:      layout_loops_ring, shapermc_ecumenical_altar_venn, uniq_natasha
D:3:      layout_loops_ring, mainiacjoe_overflow_chevrons,
          gammafunk_ghost_arena, hangedman_glass_teeth
D:4:      layout_basic, nicolae_hepliaklqana_monster_ancestors,
          due_unseen_surprise
D:5:      layout_basic, lemuel_doored_altar, overflow_temple_1_default,
          amethyst_overflow_temple_binary, minmay_manual_mess, uniq_ijyb,
          uniq_edmund, uniq_sigmund, uniq_menkaure

Skill      XL: |  1  2  3  4 |
---------------+-------------+-----
Conjurations   | 5 6 7 |  7.1
Dodging        | |  2.4
Stealth        | |  2.4
Spellcasting   | |  3.0

Action                   |  1- 3 |  4- 6 || total
-------------------------+-------+-------++-------
Melee: Dagger            |     6 |       ||     6
 Cast: Magic Dart        |    43 |     3 ||    46
       Searing Ray       |     5 |     5 ||    10
  Use: Scroll            |     1 |       ||     1
Armor: Robe              |     5 |       ||     5
Dodge: Dodged            |    13 |     3 ||    16
